Map: Site Delta LE

Players

Subwayeatn - Winner!

  • Race: Zerg Zerg
  • League: Platinum
  • Spawn Location: 11:00

dirtyliberal

  • Race: Terran Terran
  • League: Platinum
  • Spawn Location: 5:00

VOD

Have the link to the VOD?

Description

Time

  • Played on: Nov. 10, 2023, 12:42 p.m.
  • Length: 18:28
Show
View Real Time Build Order
Export as new Build Order

Subwayeatn Zerg - Winner!

Build Orders: Hatch First 

Get SALT Encoding   

  12  0:00  Drone  
  13  0:12  Overlord  
  13  0:19  Drone  
  14  0:31  Drone x2  
  16  0:49  Hatchery  
  15  0:58  Drone x2  
  15  0:59  Drone  
  15  1:02  Extractor  
  17  1:16  Spawning Pool  
  16  1:20  Drone  
  16  1:23  Drone  
  18  1:30  Drone  
  19  1:41  Drone  
  20  1:52  Overlord  
  20  2:04  Queen x2  
  20  2:05  Zergling x2  
  25  2:11  Zergling x2  
  26  2:16  Metabolic Boost  
  26  2:21  Drone  
  27  2:23  Drone  
  27  2:27  Drone  
  29  2:34  Drone x2  
  31  2:38  Drone  
  31  2:54  Queen x2  
  31  2:57  Overlord  
  35  3:07  Drone  
  36  3:14  Overlord  
  36  3:21  Drone x5, Extractor  
  36  3:24  Drone x2  
  41  3:57  Zergling x2  
  41  3:58  Zergling x10  
  46  4:13  Overlord  
  46  4:15  Overlord  
  46  4:18  Lair  
  46  4:21  Drone x4  
  46  4:24  Hatchery  
  49  4:35  Drone x2  
  45  5:00  Queen  
  45  5:05  Extractor, Drone x8  
  45  5:06  Extractor  
  53  5:11  Drone  
  54  5:17  Drone x2  
  54  5:20  Overlord  
  56  5:23  Overlord  
  56  5:25  Queen  
  58  5:36  Zergling x2, Queen  
  58  5:37  Zergling x10  
  58  5:39  Queen  
  68  5:52  Drone x8  
  76  5:58  Zergling x4  
  76  5:59  Spore Crawler x2  
  73  6:19  Zergling x6  
  73  6:21  Drone x6  
  80  6:35  Overlord  
  80  6:37  Overlord  
  80  6:41  Zergling x2  
  80  6:42  Overlord  
  80  6:43  Overlord x3  
  77  7:05  Drone  
  77  7:06  Drone x10  
  88  7:12  Pneumatized Carapace, Extractor x2  
  86  7:16  Drone x5  
  86  7:21  Hatchery  
  90  7:23  Spire  
  90  7:25  Infestation Pit  
  88  7:34  Evolution Chamber  
  88  7:35  Queen x2  
  91  7:38  Evolution Chamber  
  90  7:51  Spore Crawler  
  90  7:52  Zergling x2  
  90  7:53  Zergling x28  
  90  7:55  Queen  
  90  7:57  Zergling x2  
  107  8:02  Neural Parasite  
  107  8:03  Infestor  
  109  8:06  Zerg Missile Weapons Level 1  
  109  8:07  Zerg Melee Weapons Level 1  
  109  8:15  Baneling Nest  
  107  8:36  Zergling x2  
  107  8:37  Queen  
  107  8:38  Drone  
  107  8:39  Drone x7  
  118  8:41  Drone x2  
  118  8:42  Drone x5  
  118  8:47  Zerg Flyer Weapons Level 1  
  125  9:05  Zergling x4  
  125  9:07  Overlord x4  
  125  9:08  Overlord x2  
  127  9:16  Drone, Spine Crawler  
  127  9:18  Spine Crawler  
  127  9:19  Extractor x2  
  127  9:21  Spine Crawler  
  127  9:23  Hive  
  123  9:27  Overlord x2  
  122  9:38  Mutalisk, Centrifugal Hooks  
  122  9:39  Mutalisk x19  
  122  9:43  Infestor  
  163  9:59  Overseer  
  163  10:01  Overseer  
  163  10:08  Zergling x28  
  163  10:09  Zergling x6  
  163  10:14  Baneling x13  
  180  10:15  Baneling x6  
  153  10:44  Mutalisk  
  153  10:45  Mutalisk x4  
  153  11:03  Mutalisk x3  
  153  11:04  Mutalisk x6  
  150  11:24  Zerg Flyer Weapons Level 2  
  150  11:26  Zerg Melee Weapons Level 2, Zerg Missile Weapons Level 2  
  150  11:34  Zergling x2  
  150  11:35  Zergling x22  
  150  11:36  Adrenal Glands  
  162  11:43  Hatchery  
  161  11:47  Infestor  
  163  11:57  Overlord  
  163  12:00  Baneling x4  
  163  12:01  Baneling x8  
  163  12:05  Zergling x14  
  163  12:06  Zergling x12  
  176  12:13  Ultralisk Cavern  
  175  12:18  Overlord x6  
  175  12:35  Zergling x26  
  184  12:39  Baneling  
  184  12:40  Baneling x18  
  184  12:41  Baneling  
  185  12:44  Zergling x2  
  185  12:56  Queen  
  188  12:58  Drone x3  
  188  13:01  Drone  
  188  13:02  Drone x8  
  188  13:03  Drone  
  200  13:07  Chitinous Plating  
  200  13:08  Extractor  
  200  13:11  Zergling x2  
  200  13:12  Extractor  
  196  13:44  Zerg Melee Weapons Level 3  
  196  13:47  Zerg Ground Armor Level 1  
  142  14:26  Anabolic Synthesis  
  135  14:31  Corruptor x2  
  135  14:37  Infestor x2  
  143  14:43  Ultralisk x6  
  178  14:46  Zergling x2  
  178  14:47  Zergling x42  
  198  15:18  Overlord x2  
  198  15:19  Overseer, Hatchery  
  198  15:21  Overseer  
  197  15:22  Extractor, Spine Crawler  
  197  15:23  Hatchery  
  197  15:24  Spine Crawler  
  197  15:27  Extractor  
  144  16:05  Hydralisk Den  
  144  16:10  Zerg Ground Armor Level 2  
  143  16:19  Mutalisk x8  
  143  16:24  Ultralisk x3  
  177  16:27  Zergling x22  
  177  16:28  Zergling x22  
  199  16:34  Baneling  
  199  16:35  Baneling x6  
  199  16:40  Grooved Spines  
  185  17:38  Hydralisk  
  185  17:39  Hydralisk x9  
  177  18:12  Extractor  
  193  18:13  Spine Crawler  
  193  18:14  Extractor  
  193  18:15  Spine Crawler  
  179  18:22  Spine Crawler  
Show
View Real Time Build Order
Export as new Build Order

dirtyliberal Terran 

Build Orders: Reaper Expand 

Get SALT Encoding   

  12  0:01  SCV  
  13  0:13  SCV  
  14  0:17  Supply Depot  
  14  0:25  SCV  
  15  0:39  SCV  
  15  0:41  Barracks  
  16  0:44  Refinery  
  16  0:51  SCV  
  17  1:03  SCV  
  18  1:15  SCV  
  19  1:29  Reaper  
  19  1:32  Orbital Command  
  20  1:44  Command Center  
  20  1:57  SCV  
  20  2:00  Marine, Supply Depot  
  22  2:10  SCV  
  23  2:22  SCV  
  24  2:23  Barracks Reactor  
  24  2:24  Factory  
  24  2:34  SCV  
  25  2:50  SCV  
  25  2:54  Command Center  
  25  2:59  Orbital Command, Supply Depot  
  25  3:03  Command Center  
  25  3:13  Starport  
  25  3:25  Refinery  
  25  3:26  Supply Depot  
  25  3:28  Marine  
  25  3:31  SCV  
  25  3:33  SCV  
  28  3:40  Hellion  
  29  3:48  SCV  
  29  3:53  Marine  
  27  3:58  SCV  
  27  3:59  Supply Depot  
  25  4:07  SCV  
  25  4:08  Hellion  
  28  4:13  Medivac  
  30  4:18  SCV  
  30  4:22  SCV  
  32  4:30  SCV  
  33  4:34  Armory  
  33  4:35  SCV  
  34  4:41  SCV  
  33  4:59  Starport Reactor  
  33  5:00  Orbital Command  
  33  5:01  Supply Depot  
  33  5:03  SCV  
  33  5:05  SCV  
  35  5:10  Hellion x2  
  35  5:11  Barracks Tech Lab  
  39  5:15  SCV  
  39  5:17  SCV  
  41  5:26  SCV  
  41  5:27  SCV  
  43  5:29  SCV  
  43  5:31  Hellion x2  
  48  5:38  SCV  
  48  5:41  Barracks, SCV  
  50  5:44  SCV  
  50  5:46  Barracks  
  50  5:48  Barracks  
  51  5:50  SCV  
  51  5:56  SCV, Refinery  
  51  5:57  Refinery  
  53  6:03  SCV x2  
  55  6:08  SCV  
  55  6:09  Engineering Bay  
  55  6:10  Engineering Bay  
  50  6:15  SCV  
  51  6:19  SCV  
  51  6:20  Siege Tank, SCV  
  51  6:21  Marine x2  
  58  6:27  Infernal Pre-Igniter, SCV  
  58  6:29  Barracks Tech Lab  
  58  6:31  SCV  
  60  6:33  Factory, SCV  
  62  6:40  Missile Turret  
  62  6:41  Terran Infantry Weapons Level 1, Terran Infantry Armor Level 1  
  62  6:42  Orbital Command  
  62  6:43  Medivac  
  63  6:54  Command Center  
  63  6:55  SCV  
  59  7:03  SCV  
  59  7:06  Siege Tank  
  59  7:07  SCV  
  59  7:08  SCV  
  65  7:09  Barracks Reactor x2  
  65  7:11  Barracks Tech Lab  
  65  7:15  SCV  
  66  7:19  SCV  
  66  7:20  SCV  
  68  7:24  Barracks Tech Lab, Supply Depot  
  68  7:27  SCV  
  69  7:31  Missile Turret, SCV  
  69  7:32  SCV  
  69  7:36  Missile Turret, Supply Depot  
  71  7:39  SCV  
  71  7:43  SCV, Marine  
  74  7:44  SCV  
  74  7:47  Supply Depot  
  74  7:49  Combat Shield  
  74  7:50  Stimpack  
  75  7:51  SCV  
  75  7:53  Refinery  
  75  7:55  SCV  
  75  7:56  SCV  
  75  7:57  Refinery  
  75  7:58  Medivac x2  
  82  7:59  Supply Depot, Marine  
  82  8:00  Siege Tank  
  82  8:01  Marine x4  
  82  8:04  SCV  
  91  8:06  SCV  
  91  8:07  SCV  
  91  8:08  SCV  
  94  8:16  SCV  
  94  8:18  Missile Turret  
  94  8:19  Siege Tank, SCV  
  100  8:20  Marine x6  
  100  8:23  Missile Turret, Drilling Claws  
  106  8:28  SCV x2  
  107  8:38  Command Center, Marine x4  
  111  8:53  Marine x2  
  113  8:55  Marine  
  113  9:02  Supply Depot  
  114  9:03  Thor, Missile Turret, Marine x3  
  114  9:06  Missile Turret  
  123  9:10  Missile Turret  
  123  9:11  Starport  
  123  9:13  Supply Depot  
  123  9:14  Starport  
  123  9:16  Supply Depot, Starport  
  123  9:19  Marine  
  123  9:23  Liberator, Marine  
  123  9:24  Siege Tank  
  131  9:26  Planetary Fortress, SCV  
  131  9:29  Missile Turret  
  131  9:31  Supply Depot  
  132  9:32  Supply Depot  
  132  9:41  Sensor Tower  
  132  9:43  Refinery  
  132  9:55  Marauder, Marine  
  132  9:59  Refinery  
  135  10:01  Sensor Tower  
  135  10:06  Thor  
  141  10:12  Missile Turret, SCV x3  
  144  10:16  Sensor Tower  
  144  10:19  SCV  
  145  10:22  Missile Turret  
  145  10:26  Liberator x2, Missile Turret  
  145  10:28  Starport Tech Lab x2, Starport Reactor, Command Center  
  151  10:33  Command Center  
  146  10:38  Marine  
  146  10:39  Marauder x2, Marine  
  146  10:41  Thor, Marine  
  146  10:42  Marine  
  135  10:46  Missile Turret  
  135  10:49  Widow Mine  
  123  10:51  SCV  
  123  10:54  SCV  
  123  10:56  Marine  
  123  10:57  SCV  
  113  10:58  Marine  
  113  10:59  Marine  
  113  11:00  Marauder, SCV, Marine  
  113  11:01  Marauder  
  107  11:04  SCV  
  107  11:08  SCV  
  107  11:09  SCV  
  107  11:11  Widow Mine  
  98  11:12  SCV  
  98  11:14  Marine  
  98  11:16  Missile Turret, Marine x2, SCV  
  98  11:18  Marine  
  101  11:20  SCV  
  101  11:21  Marine, SCV  
  101  11:22  Marine  
  101  11:24  Thor, SCV  
  113  11:27  Missile Turret  
  113  11:28  SCV  
  113  11:31  Starport Reactor  
  113  11:32  Siege Tank, SCV, Marine  
  119  11:33  SCV  
  119  11:34  Marine x2  
  119  11:36  Missile Turret, Marine, SCV  
  126  11:40  SCV, Marauder  
  126  11:44  SCV  
  126  11:45  SCV  
  129  11:47  Supply Depot  
  129  11:49  SCV  
  129  11:52  Missile Turret  
  130  11:56  Marine  
  130  11:57  Marauder  
  130  11:58  Marine x3  
  130  12:00  Marine  
  137  12:04  Missile Turret  
  137  12:05  Sensor Tower  
  137  12:06  Raven, Banshee  
  142  12:15  Thor  
  141  12:17  Liberator  
  150  12:25  Widow Mine, Marine x3  
  155  12:32  Marauder  
  156  12:53  Supply Depot  
  156  12:55  Supply Depot  
  156  12:59  Supply Depot  
  156  13:08  Supply Depot  
  156  13:12  Command Center  
  156  13:15  SCV x2, Medivac x3  
  156  13:16  Widow Mine, Medivac x2, Marine x2  
  172  13:20  Marine x3  
  172  13:21  Marauder, Widow Mine  
  172  13:25  Raven  
  180  13:31  Missile Turret  
  180  13:38  Widow Mine  
  182  13:48  Missile Turret  
  182  13:49  SCV  
  182  13:51  Marine x2  
  182  13:52  Missile Turret  
  182  13:55  Marine  
  185  13:56  Marauder  
  185  14:01  Terran Infantry Weapons Level 2, Terran Infantry Armor Level 2  
  185  14:02  Terran Vehicle Weapons Level 1  
  188  14:03  Barracks  
  188  14:04  Marine x2  
  188  14:05  Barracks, SCV  
  180  14:10  SCV  
  180  14:12  Marine  
  174  14:17  Marauder  
  174  14:22  Marine  
  174  14:23  Marauder  
  149  14:26  SCV  
  149  14:27  Marine x2  
  129  14:31  Marine  
  129  14:32  Thor x2  
  129  14:33  Liberator  
  129  14:34  Liberator  
  145  14:38  Marine  
  145  14:41  Marine  
  145  14:44  Marauder  
  145  14:45  Liberator, Medivac  
  154  14:55  SCV  
  154  14:56  Barracks Reactor x2  
  154  14:57  Marine  
  154  14:58  Marauder  
  158  15:01  Missile Turret  
  158  15:07  Missile Turret, Marine x2  
  158  15:08  SCV  
  161  15:15  Missile Turret  
  161  15:18  Missile Turret x2  
  161  15:24  SCV  
  162  15:35  SCV  
  154  15:36  Marine  
  154  15:37  Liberator x3, Marauder  
  154  15:38  Thor x2, Marauder, Marine  
  154  15:40  SCV  
  163  15:45  SCV  
  159  15:54  SCV  
  143  15:59  SCV  
  143  16:00  SCV  
  143  16:02  Marine  
  144  16:08  Command Center  
  144  16:09  SCV  
  144  16:10  Command Center  
  145  16:20  SCV  
  145  16:21  Thor  
  145  16:25  SCV  
  153  16:37  Marine x4, SCV  
  153  16:38  SCV, Marauder  
  161  16:42  Sensor Tower  
  161  16:50  SCV  
  161  16:52  Marine x2, Medivac x2  
  168  16:59  Planetary Fortress  
  168  17:03  Supply Depot  
  168  17:04  Marine, Missile Turret, Supply Depot  
  168  17:05  Marauder  
  168  17:06  Viking x2  
  175  17:08  Refinery  
  175  17:14  Fusion Core  
  175  17:15  Marine, SCV, Armory  
  177  17:16  Marauder  
  179  17:25  Missile Turret  
  149  17:43  SCV  
  149  17:44  Marine, SCV x2  
  137  17:45  Marine, Marauder  
  137  17:47  Marauder, Marine  
  137  17:48  Marine x4  
  137  17:49  Marine  
  156  18:01  SCV  
  157  18:06  Marauder  
Tags
 
Add a new tag
Caveats
  • Supply blocks, unpowered buildings, or Contaminate may cause inaccurate times.
  • Supply counts are checked every 10 seconds.